Map: Givre EC

Players

Ripper

  • Race: Terran Terran
  • Spawn Location: 7:00

zidar - Winner!

  • Race: Zerg Zerg
  • League: Platinum
  • Spawn Location: 1:00

VOD

Have the link to the VOD?

Description

Time

  • Played on: Oct. 12, 2016, 1:50 p.m.
  • Length: 16:44
Show
View Real Time Build Order
Export as new Build Order

Ripper Terran 

Build Orders:  

Get SALT Encoding   

  12  0:01  SCV  
  13  0:13  SCV  
  14  0:23  Supply Depot  
  14  0:25  SCV  
  15  0:44  SCV  
  15  0:48  Barracks  
  16  0:57  SCV  
  17  1:05  Refinery  
  17  1:09  SCV  
  18  1:21  SCV  
  19  1:30  Command Center  
  19  1:41  Barracks  
  19  1:44  Marine  
  19  1:46  SCV  
  21  2:00  SCV  
  22  2:18  SCV  
  23  2:30  Supply Depot  
  23  2:50  Orbital Command  
  23  2:52  Supply Depot  
  23  2:57  Refinery  
  23  3:04  Orbital Command  
  23  3:12  Factory  
  23  3:13  Marine x2  
  25  3:26  SCV  
  26  3:30  SCV  
  27  3:45  SCV x2  
  29  3:49  Barracks Tech Lab  
  29  3:51  Barracks Tech Lab  
  29  3:59  Barracks, Factory Tech Lab  
  29  4:02  Barracks  
  29  4:06  Starport  
  29  4:09  Starport  
  29  4:12  SCV x2  
  30  4:20  Marauder x2  
  30  4:22  Concussive Shells  
  34  4:24  SCV  
  34  4:27  SCV  
  36  4:34  Refinery  
  36  4:36  Refinery, SCV  
  36  4:39  Engineering Bay  
  36  4:46  Starport Reactor  
  36  4:47  Starport Reactor  
  36  5:09  SCV x2  
  36  5:13  Marine x2  
  36  5:14  Marine x2  
  41  5:18  Hellion  
  44  5:21  SCV x2  
  44  5:27  Factory  
  46  5:31  Marine x3  
  46  5:32  Marine, Combat Shield  
  46  5:34  Stimpack  
  50  5:44  SCV x2  
  50  5:45  Missile Turret  
  50  5:49  Missile Turret  
  52  5:56  SCV x2  
  54  6:00  Terran Infantry Weapons Level 1  
  54  6:05  Missile Turret  
  54  6:09  Missile Turret  
  54  6:22  Command Center  
  54  6:26  Supply Depot  
  54  6:27  Supply Depot  
  54  6:29  Missile Turret  
  54  6:39  Factory Tech Lab  
  54  6:47  Viking x2  
  54  6:48  SCV x2, Hellion  
  54  6:49  Viking  
  54  6:52  Missile Turret  
  64  6:55  Viking  
  64  6:59  Marine x2  
  68  7:01  Marine  
  68  7:02  Marine  
  70  7:14  Missile Turret, Supply Depot  
  70  7:33  SCV x2, Siege Tank  
  75  7:37  Supply Depot  
  75  7:44  Viking  
  75  7:45  Armory  
  75  7:46  SCV  
  75  7:47  Viking  
  80  7:54  Hi-Sec Auto Tracking  
  80  8:00  Siege Tank  
  80  8:02  Marauder x2  
  80  8:04  Viking  
  89  8:13  Planetary Fortress  
  89  8:16  SCV x2  
  91  8:24  Viking x2  
  95  8:28  SCV  
  96  8:42  Missile Turret  
  96  8:43  Missile Turret  
  96  8:52  SCV x3  
  99  9:00  Sensor Tower  
  99  9:02  Missile Turret  
  99  9:03  Missile Turret  
  99  9:04  SCV x2  
  101  9:20  Terran Ship Weapons Level 1  
  101  9:25  Missile Turret  
  101  9:37  Supply Depot  
  101  9:40  Supply Depot x2  
  101  9:45  Missile Turret, Supply Depot  
  101  9:59  Viking x2, SCV x3  
  108  10:02  Viking x2  
  112  10:13  Refinery  
  112  10:15  Refinery  
  112  10:23  Armory  
  112  10:26  SCV x3  
  112  10:28  Siege Tank x2  
  121  10:30  Marine x2, Marauder x2  
  121  10:31  Viking x3  
  133  11:13  Marauder  
  133  11:33  Supply Depot  
  133  11:34  Supply Depot  
  133  11:39  Supply Depot  
  133  11:40  Supply Depot x2  
  133  11:51  Viking  
  133  11:52  Marine x2, Viking  
  133  11:53  Viking  
  133  11:54  Viking, Command Center, Siege Tank x2  
  133  12:00  Command Center  
  133  12:17  Terran Ship Weapons Level 2  
  133  12:19  Terran Vehicle And Ship Armor Level 1  
  133  12:21  Viking  
  133  12:22  Viking  
  137  12:23  Viking  
  137  12:24  Viking  
  137  12:26  Siege Tank  
  137  12:27  Siege Tank  
  147  12:41  Marine x2, Marauder  
  147  12:42  Marauder  
  153  12:50  Viking  
  155  12:59  Marine x2, Siege Tank x2  
  155  13:03  Marauder x2, Viking x3  
  173  13:17  Marine  
  174  13:20  Viking  
  136  13:33  Viking x2  
  65  14:58  Missile Turret  
  65  15:02  Missile Turret  
  65  15:06  SCV  
  65  15:07  SCV  
  67  15:18  SCV  
  67  15:19  SCV x2  
  67  15:20  Missile Turret  
  70  15:24  Missile Turret  
  70  15:27  Planetary Fortress  
  70  15:31  SCV x3  
  73  15:38  Factory Tech Lab, Siege Tank  
  73  15:39  Missile Turret  
  76  15:43  SCV x3  
  76  15:44  Missile Turret  
  71  15:55  SCV x3  
  40  16:05  Viking x3  
  40  16:07  SCV  
  40  16:10  Siege Tank  
  50  16:16  Barracks  
  50  16:17  Barracks  
  50  16:27  Barracks  
Show
View Real Time Build Order
Export as new Build Order

zidar Zerg - Winner!

Build Orders: Hatch First, Muta Ling Bane 

Get SALT Encoding   

  12  0:02  Drone  
  13  0:13  Overlord  
  13  0:17  Drone  
  14  0:31  Drone x2  
  14  0:35  Drone  
  17  0:57  Hatchery  
  17  0:58  Drone  
  17  1:08  Extractor, Drone x2  
  18  1:24  Spawning Pool  
  17  1:32  Drone x2  
  19  1:54  Drone  
  19  1:59  Overlord  
  20  2:10  Queen  
  20  2:11  Queen  
  24  2:19  Drone x3  
  24  2:20  Metabolic Boost  
  27  2:25  Zergling x2  
  27  2:29  Zergling x2  
  29  2:36  Extractor  
  27  2:54  Drone x5  
  32  3:06  Zergling x6  
  35  3:16  Baneling Nest, Pneumatized Carapace  
  34  3:20  Lair  
  34  3:26  Drone x2  
  36  3:35  Overlord x2  
  36  3:53  Evolution Chamber  
  35  3:57  Evolution Chamber, Drone x3  
  35  3:58  Drone x2  
  38  4:26  Spire  
  37  4:33  Zergling x2  
  37  4:34  Zergling x18  
  47  4:39  Centrifical Hooks  
  47  4:47  Drone x3  
  50  4:53  Baneling  
  50  4:54  Baneling x5  
  50  5:03  Drone  
  50  5:06  Overlord x2  
  51  5:31  Queen  
  53  5:38  Overlord x3  
  53  5:43  Hatchery  
  53  5:47  Zerg Melee Weapons Level 1  
  52  5:50  Drone x5  
  52  5:53  Drone  
  52  5:54  Drone  
  60  5:57  Drone  
  60  6:04  Overlord  
  60  6:05  Overlord  
  60  6:12  Overseer  
  60  6:14  Mutalisk  
  60  6:15  Mutalisk  
  60  6:16  Mutalisk  
  66  6:24  Extractor  
  65  6:34  Drone x2  
  65  6:35  Extractor, Drone  
  65  6:36  Drone x3  
  70  6:41  Mutalisk  
  72  7:04  Baneling x6  
  72  7:11  Queen  
  75  7:15  Zergling x2  
  75  7:17  Drone  
  75  7:18  Drone x7  
  83  7:34  Zergling x10  
  83  7:35  Zergling x4  
  90  7:39  Zerg Ground Armor Level 1  
  90  7:42  Zerg Melee Weapons Level 2  
  90  7:54  Infestation Pit  
  89  8:05  Extractor x2  
  88  8:06  Drone x8  
  88  8:07  Drone x3  
  98  8:41  Drone  
  98  8:42  Hatchery, Drone x4  
  98  8:45  Zergling x6  
  98  8:46  Zergling x14  
  98  8:48  Baneling x8  
  112  8:49  Baneling x3  
  112  8:50  Baneling  
  112  8:53  Hive  
  112  8:58  Zerg Flyer Weapons Level 1  
  112  10:09  Overlord  
  112  10:10  Overlord x3  
  112  10:11  Overlord x3  
  112  10:16  Zerg Ground Armor Level 2  
  112  10:24  Zerg Melee Weapons Level 3  
  112  10:40  Ultralisk Cavern  
  111  10:52  Baneling x9  
  111  10:55  Zergling x2  
  111  10:56  Zergling x32  
  100  11:22  Mutalisk  
  100  11:23  Mutalisk x18  
  139  11:32  Zergling x2  
  139  11:33  Zergling x8  
  143  11:40  Drone  
  143  11:41  Drone x5  
  143  11:43  Queen  
  143  12:02  Drone x11  
  154  12:09  Adrenal Glands  
  154  12:13  Baneling x15  
  154  12:33  Overlord x2  
  154  12:34  Overlord x2  
  154  12:38  Queen  
  154  12:40  Zerg Ground Armor Level 3  
  154  12:42  Chitinous Plating  
  156  13:01  Ultralisk  
  156  13:04  Overlord  
  156  13:05  Overlord x2  
  101  13:45  Mutalisk  
  101  13:46  Mutalisk x6  
  111  13:57  Zergling x22  
  111  13:58  Zergling x6  
  125  14:23  Mutalisk x5  
  135  14:55  Mutalisk x4  
  139  15:16  Hatchery  
  138  15:23  Mutalisk  
  138  15:24  Mutalisk x4  
  134  16:01  Mutalisk x5  
  138  16:11  Zergling x38  
Tags
 
Composition
Muta Ling Bane
League
Platinum
Matchup
TvZ
Spawn Locations
Cross Positions
Add a new tag
Caveats
  • Supply blocks, unpowered buildings, or Contaminate may cause inaccurate times.
  • Supply counts are checked every 10 seconds.